 Dungeon Crawl Stone Soup version 0.29.1-15-g9cfb28693d (webtiles) character file.

Game seed: 12834592192121218825

518 Silvore the Chopper (level 7, -2/54 HPs)
             Began as a Demonspawn Monk on Apr 30, 2023.
             Slain by an iguana (8 damage)
             ... on level 4 of the Dungeon.
             The game lasted 00:10:55 (5596 turns).

Silvore the Chopper (Demonspawn Monk)               Turns: 5596, Time: 00:10:55

Health: -2/54      AC: 16    Str: 11    XL:     7   Next: 1%
Magic:  7/7        EV: 10    Int: 12    God:
Gold:   234        SH:  4    Dex: 24    Spells: 6/6 levels left

rFire   . . .      SeeInvis +   a - +0 hand axe
rCold   + . .      Faith    .   (no shield)
rNeg    . . .      Spirit   .   k - +2 scale mail {rC+}
rPois   .          Reflect  .   (helmet restricted)
rElec   .          Harm     .   (no cloak)
rCorr   .          Rampage  ∞   (no gloves)
Will    .....                   h - +3 pair of seven-league boots {Rampage+∞}
Stlth   +.........              (no amulet)
HPRegen 0.18/turn               e - ring "Uvok" {AC+4 Dex+7}
MPRegen 0.10/turn               c - ring of see invisible

@: no status effects
A: antennae 1, large bone plates 1, powered by pain 1
a: no special abilities


You were on level 4 of the Dungeon.
You visited 1 branch of the dungeon, and saw 5 of its levels.

You collected 234 gold pieces.

Inventory:

Hand Weapons
 a - a +0 hand axe (weapon)
Missiles
 n - 2 throwing nets (quivered)
Armour
 b - a +1 robe
 h - the +3 pair of seven-league boots (worn) {Rampage+∞}
   (You acquired it on level 4 of the Dungeon)

   Its wearer moves as far as possible in that direction when moving towards
   enemies.
 k - a +2 scale mail of cold resistance (worn)
Jewellery
 c - a ring of see invisible (right hand)
 d - a ring of willpower
 e - the ring "Uvok" (left hand) {AC+4 Dex+7}
   (You acquired it on level 4 of the Dungeon)

   [ring of protection]

   AC:        It affects your AC (+4).
   Dex:       It affects your dexterity (+7).
Scrolls
 f - 3 scrolls of identify
 o - a scroll of teleportation
Potions
 g - 3 potions of curing
 i - a potion of berserk rage {unknown}
 j - a potion of might {unknown}
 l - a potion of lignification {unknown}


   Skills:
 + Level 4.1 Fighting
 + Level 5.3 Axes
 + Level 1.7 Armour
 + Level 3.5 Dodging
 + Level 2.7 Stealth
 + Level 1.5 Shields


You had 6 spell levels left.
You didn't know any spells.
Your spell library contained the following spells:

 Spells                   Type           Power      Damage    Failure   Level
 Slow                     Hex            0%         N/A       89%         1
 Confusing Touch          Hex            0%         N/A       99%         3
 Conjure Flame            Conj/Fire      0%         6-21      99%         3
 Ignite Poison            Fire/Tmut/Pois 0%         N/A       99%         3
 Vampiric Draining        Necr           0%         2d6       99%         3
 Sticky Flame             Conj/Fire      0%         2d3       100%        4
 Fireball                 Conj/Fire      0%         3d3       100%        5
 Iskenderun's Battlesphe  Conj           0%         2d6       100%        5
 Conjure Ball Lightning   Conj/Air       0%         3x3d6     100%        6
 Orb of Destruction       Conj           0%         9d5       100%        7


Dungeon Overview and Level Annotations

Branches:
Dungeon (5/15)
 Temple: D:4-7

Altars:
Kikubaaqudgha
Trog
Yredelemnul

Shops:
D:2 [


Innate Abilities, Weirdness & Mutations

You have a pair of small antennae on your head.
You are partially covered in large bone plates. (SH +4)
You sometimes gain a little power by taking damage.


Message History

You can't go up here!
You climb downwards.
The iguana bites you. The orc hits you but does no damage.
The orc hits you with a +0 short sword. You block the orc priest's attack.
The orc hits you but does no damage. The orc closely misses you.
The orc barely misses you. The iguana bites you!
There is a stone staircase leading up, spattered with blood here.
You block the orc's attack.
The orc priest calls down the wrath of Beogh upon you.
Beogh smites you! The orc closely misses you. x2
The iguana bites you but does no damage.
You climb upwards.
There is a stone staircase leading down here.
You hit the orc priest but do no damage.
You hit the orc but do no damage. You barely miss the iguana.
You barely miss the orc. The orc closely misses you.
You block the orc priest's attack. The orc closely misses you.
The iguana bites you!
* * * LOW HITPOINT WARNING * * *
You hit the orc priest but do no damage.
You hit the orc but do no damage. x2; You hit the iguana.
The orc barely misses you. You block the orc priest's attack.
The orc barely misses you.
The iguana bites you but does no damage.
You hit the orc priest but do no damage.
You closely miss the iguana. You hit the orc but do no damage. You hit the orc.
The orc closely misses you.
The orc priest hits you but does no damage.
The orc barely misses you.
The iguana bites you but does no damage.
You hit the orc priest but do no damage.
You hit the orc but do no damage. You hit the orc.
You hit the iguana but do no damage. The orc barely misses you.
The orc priest hits you but does no damage.
The orc hits you but does no damage. The iguana bites you.
* * * LOW HITPOINT WARNING * * *
You barely miss the orc priest. You hit the orc.
You hit the orc but do no damage. You hit the iguana but do no damage.
The orc barely misses you. The orc priest barely misses you.
You block the orc's attack. The iguana bites you!
You die...

#......# ###......#
#<#......# #.#......# #
#.#.#...## #
#.#.#...###################
#.#.#...##................'
#.#.#...##oo......#########
######.#.#....o@.......####
#
#..........#..#l†.........#
#
#......#.#....#...........#
#
#........#...##...........#
#
#.........#.###)#######...##
# ######......# #)# #....# #
###'##.### #.# ##...# #
#......# #.### #...# ##
#.....## #...## #...# #.


You could see an iguana, an orc priest and 2 orcs.

Vanquished Creatures
  An ogre (D:5)
  A scorpion (D:4)
  2 jellies (D:4)
  Jessica (D:2)
  An orc wizard (D:4)
  2 hound zombies (D:3)
  9 gnolls
  4 adders
  3 worms
  2 dart slugs
  9 orcs
  7 endoplasms
  4 giant cockroaches
  9 goblins
  5 hobgoblins
  12 jackals
  9 kobolds
  5 quokkas
  3 ball pythons
  7 bats
  4 frilled lizards
  4 rats
104 creatures vanquished.

Notes
Turn   | Place    | Note
-------+----------+-------------------------------------------
     0 | D:1      | Silvore the Demonspawn Monk began the quest for the Orb.
     0 | D:1      | Reached XP level 1. HP: 18/18 MP: 1/1
   202 | D:1      | Reached skill level 3 in Axes
   202 | D:1      | Gained mutation: You are partially covered in large bone
                  | plates. (SH +4) [demonic ancestry]
   202 | D:1      | Reached XP level 2. HP: 16/24 MP: 2/2
  1047 | D:2      | Reached XP level 3. HP: 18/29 MP: 3/3
  2488 | D:2      | Reached XP level 4. HP: 35/35 MP: 4/4
  2528 | D:2      | Noticed Jessica
  2538 | D:2      | Killed Jessica
  2685 | D:2      | Found Amebyuminn's Antique Armour Shop.
  3301 | D:3      | Found a bloodstained altar of Trog.
  3402 | D:3      | Found an ancient bone altar of Kikubaaqudgha.
  3434 | D:3      | Found a faded altar of an unknown god.
  3442 | D:3      | Reached skill level 4 in Axes
  3621 | D:3      | Gained mutation: You sometimes gain a little power by
                  | taking damage. [demonic ancestry]
  3621 | D:3      | Reached XP level 5. HP: 42/42 MP: 5/5
  3634 | D:3      | Found a basalt altar of Yredelemnul.
  3896 | D:4      | Reached skill level 1 in Shields
  3988 | D:4      | Reached XP level 6. HP: 12/48 MP: 6/6
  4499 | D:4      | Identified 2 scrolls of acquirement
  4499 | D:4      | Acquired the +3 pair of seven-league boots {Rampage+∞}
  4499 | D:4      | Found the +3 pair of seven-league boots {Rampage+∞}
  4618 | D:4      | Reached skill level 1 in Armour
  5136 | D:5      | Entered Level 5 of the Dungeon
  5423 | D:4      | Acquired the ring "Uvok" {AC+4 Dex+7}
  5435 | D:5      | Reached skill level 5 in Axes
  5588 | D:4      | Gained mutation: You have a pair of small antennae on your
                  | head. [demonic ancestry]
  5588 | D:4      | Reached XP level 7. HP: 49/54 MP: 7/7
  5596 | D:4      | Slain by an iguana

Illustrated notes

Levels and vault maps discovered:
D:1:      minmay_arrival_wavy_path, layout_basic, minmay_heptomino_w4
D:2:      layout_basic, serial_shops, nicolae_diamond_shop, uniq_jessica
D:3:      layout_rooms, nicolae_overflow_crystal_walls,
          lemuel_zombie_altar_yredelemnul, trog_hazing_becter,
          old_standard_altar, chequers_ecumenical_altar_island
D:4:      layout_basic, dk_rats_in_the_wall
D:5:      layout_basic, uniq_duvessa, uniq_blork_the_orc, uniq_ijyb

Skill      XL: |  1  2  3  4  5  6 |
---------------+-------------------+-----
Axes           | 3 4 5 |  5.3
Stealth        | 2 |  2.7
Dodging        | 3 |  3.5
Shields        | 1 |  1.5
Armour         | 1 |  1.7
Fighting       | 4 |  4.1

Action                   |  1- 3 |  4- 6 |  7- 9 || total
-------------------------+-------+-------+-------++-------
Melee: Hand axe          |   128 |   321 |     5 ||   454
       Punch             |     2 |     4 |       ||     6
  Use: Scroll            |     7 |     5 |       ||    12
       Potion            |     1 |       |       ||     1
 Stab: Sleeping          |     8 |     2 |       ||    10
Armor: Robe              |    24 |     9 |       ||    33
       Scale mail        |       |   120 |     8 ||   128
Dodge: Dodged            |   107 |   147 |    13 ||   267
Block: Other             |    35 |    53 |     5 ||    93
